Map: Last Fantasy LE

Players

ManlyManMeat

  • Race: Zerg Zerg
  • League: Diamond
  • Spawn Location: 7:00

VOD

Have the link to the VOD?

Description

Time

  • Played on: July 14, 2025, 6:06 p.m.
  • Length: 5:48
Show
View Real Time Build Order
Export as new Build Order

ManlyManMeat Zerg 

Build Orders:  

Get SALT Encoding   

  12  0:00  Drone  
  13  0:13  Drone  
  13  0:19  Extractor  
  13  0:20  Drone  
  15  0:31  Overlord  
  15  0:56  Drone  
  16  1:06  Hatchery  
  16  1:09  Drone  
  16  1:14  Drone  
  17  1:20  Drone  
  18  1:33  Extractor  
  17  1:41  Spawning Pool  
  16  1:51  Drone x2  
  18  2:00  Drone  
  19  2:20  Drone  
  20  2:30  Drone  
  21  2:47  Queen  
  21  2:48  Zergling x2, Queen  
  18  2:50  Overlord  
  26  3:00  Drone  
  26  3:01  Drone  
  28  3:16  Drone  
  28  3:17  Drone  
  30  3:31  Drone  
  30  3:32  Drone  
  32  3:42  Queen  
  34  3:51  Hatchery  
  34  3:57  Metabolic Boost  
  34  3:58  Overlord  
  33  4:05  Drone x2  
  33  4:07  Drone  
  36  4:16  Overlord  
  36  4:32  Drone x5  
  36  4:33  Drone  
  36  4:34  Overlord  
  42  4:57  Queen x2  
  42  4:58  Drone x2  
  48  5:02  Spore Crawler  
  48  5:06  Spore Crawler  
  46  5:20  Zergling x6  
  46  5:21  Zergling x6  
Tags
 
Add a new tag
Caveats
  • Supply blocks, unpowered buildings, or Contaminate may cause inaccurate times.
  • Supply counts are checked every 10 seconds.